 Dungeon Crawl Stone Soup version 0.25.1-2-g60ff931df9 (webtiles) character file.

Game seed: 13738097270113158660

10419 solopath the Frost Mage (level 11, -1/72 HPs)
             Began as a Barachi Ice Elementalist on Nov 3, 2020.
             Was a High Priest of Okawaru.
             Slain by an orc warrior
             ... wielding a +0 battleaxe of electrocution
              (18 damage)
             ... on level 10 of the Dungeon.
             The game lasted 00:29:37 (13748 turns).

solopath the Frost Mage (Barachi Ice Elementalist) Turns: 13748, Time: 00:29:37

Health: -1/72      AC:  8    Str: 10    XL:     11   Next: 61%
Magic:  17/20      EV: 13    Int: 25    God:    Okawaru [*****.]
Gold:   656        SH:  0    Dex: 15    Spells: 9/26 levels left

rFire    . . .     SeeInvis .   u - +2 short sword (venom)
rCold    . . .     Gourm    .   (no shield)
rNeg     . . .     Faith    .   C - +1 robe {MR+}
rPois    .         Spirit   .   J - +2 hat
rElec    .         Reflect  .   (no cloak)
rCorr    .         Harm     .   f - +2 pair of gloves {Dex+3}
MR       +....                  (no boots)
Stlth    ++++......             (no amulet)
HPRegen  0.22/turn              A - +4 ring of slaying
MPRegen  0.17/turn              y - +6 ring of intelligence

@: can't hop, frozen ramparts, slow
A: +LOS, swims, low mp 1, mutation resistance 1, slowness 1, MP-powered wands,
strong legs 1
a: Hop, Heroism, Finesse, Renounce Religion


You were on level 10 of the Dungeon.
You worshipped Okawaru.
Okawaru was extremely pleased with you.
You were hungry.

You visited 1 branch of the dungeon, and saw 12 of its levels.

You collected 656 gold pieces.

Inventory:

Hand Weapons
 k - a +4 short sword
 u - a +2 short sword of venom (weapon)
Armour
 f - a +2 pair of gloves of dexterity (worn)
 C - a +1 robe of magic resistance (worn)
 J - a +2 hat (worn)
Jewellery
 a - a +4 ring of evasion
 x - an uncursed ring of positive energy
 y - a +6 ring of intelligence (right hand)
 A - a +4 ring of slaying (left hand)
 L - an uncursed ring of flight
Wands
 b - a wand of clouds (4)
 e - a wand of paralysis (3)
 o - a wand of acid (18)
 p - a wand of digging (5)
 E - a wand of iceblast (23)
 F - a wand of disintegration (7)
 G - a wand of enslavement (6)
 H - a wand of flame (12)
 K - a wand of polymorph (8)
 M - a wand of random effects (15)
Scrolls
 d - 2 scrolls of enchant weapon
 h - a scroll of enchant armour {unknown}
 j - 11 scrolls of identify
 l - 2 scrolls of fog
 m - 7 scrolls of teleportation
 n - 5 scrolls of remove curse
 r - a scroll of magic mapping
 s - a scroll of immolation
 v - a scroll of silence
 w - 3 scrolls of blinking {unknown}
Potions
 g - 3 potions of flight
 i - 3 potions of might {unknown}
 q - a potion of invisibility
 t - 2 potions of magic
 z - 3 potions of brilliance {unknown}
 B - a potion of resistance {unknown}
 D - 4 potions of curing {unknown}
 I - 3 potions of degeneration {unknown}
Miscellaneous
 N - a phial of floods
Comestibles
 c - 21 rations


   Skills:
 + Level 1.9 Fighting
 - Level 5.6 Short Blades
 + Level 2.1 Armour
 - Level 2.1 Dodging
 * Level 10.0 Stealth
 + Level 8.1 Spellcasting
 - Level 2.8 Summonings
 + Level 11.7 Ice Magic
 - Level 5.5 Invocations
 + Level 1.5 Evocations


You had 9 spell levels left.
You knew the following spells:

 Your Spells              Type           Power        Failure   Level  Hunger
a - Freeze                Ice            ####         1%          1    None
b - Frozen Ramparts       Ice            ######       1%          3    None
c - Hailstorm             Conj/Ice       #####...     5%          4    ##.....
d - Summon Ice Beast      Ice/Summ       #####...     3%          4    ##.....
e - Ozocubu's Armour      Chrm/Ice       #####...     1%          3    None
f - Ensorcelled Hibernat  Hex/Ice        #####.       1%          2    None

Your spell library contained the following spells:

 Spells                   Type           Power        Failure   Level  Hunger
 Apportation              Tloc           ##....       6%          1    None
 Borgnjor's Vile Clutch   Necr/Erth      ##........   86%         5    ####...
 Silence                  Hex/Air        ##........   86%         5    ####...
 Shadow Creatures         Summ           N/A          95%         6    ######.
 Darkness                 Hex            ##........   100%        6    ######.


Dungeon Overview and Level Annotations

Branches:
Dungeon (12/15)            Temple (0/1) D:6            Lair (0/6) D:10
    Orc (0/2) D:10

Altars:
Cheibriados
Dithmenos
Elyvilon
Fedhas
Gozag
Hepliaklqana
Kikubaaqudgha
Makhleb
Okawaru
Qazlal
Ru
Sif Muna
Trog
Uskayaw
Vehumet
Xom


Innate Abilities, Weirdness & Mutations

You can be seen from farther away. (+LOS)
You can swim through water.
You cover ground slowly.
You can hop short distances.
Your magical capacity is low. (-10% MP)
You are somewhat resistant to further mutation.
You expend magic power (3 MP) to strengthen your wands.


Message History

Your legs are too worn out to hop.
You hit the orc priest but do no damage.
The orc priest is poisoned.
The orc priest is severely wounded.
The wall freezes the warg.
The wall freezes the orc warrior!
The orc warrior hits you with a +0 battleaxe of electrocution!
The wall freezes the orc wizard!
The orc wizard casts a spell.
The orc wizard seems to speed up.
The wall freezes the warg but do no damage.
The wall freezes the orc priest!
The wall freezes the orc priest.
You kill the orc priest!
The wall freezes the orc wizard.
You kill the orc wizard!
Okawaru accepts your kill.
The wall freezes the orc warrior!
The orc warrior hits you with a +0 battleaxe of electrocution!
* * * LOW HITPOINT WARNING * * *
You are electrocuted!!
You die...

.. .# #.
.# #.# .#
#.. .# ..
.# #. ^#
#.#.#
#.o.#
#)@)#
##o.#
#.).#
.h...#
.ooh..#
..ho.P.#
.o......
...o.....#
....>.....


You could see 3 wargs, an orc warrior, 3 orc priests, an orc wizard and 2 orcs.

Vanquished Creatures
  A two-headed ogre (D:8)
  An ugly thing (D:11)
  A cyclops (D:12)
  Maurice (D:8)
  Maggie (D:6)
  A centaur skeleton (D:11)
  A gargoyle (D:11)
  A troll (D:10)
  2 hippogriffs
  11 yaks
  A basilisk (D:11)
  A hungry ghost (D:11)
  A water moccasin (D:8)
  2 sky beasts
  2 ice beasts
  An eye of draining (D:7)
  2 phantoms (D:8)
  A black bear (D:7)
  2 necrophages
  7 ogres
  A crocodile (D:11)
  A centaur (D:5)
  A big kobold (D:8)
  4 bullfrogs
  4 scorpions
  10 killer bees
  17 wights
  2 electric eels (D:10)
  3 bullfrog zombies
  A centaur zombie (D:10)
  4 crimson imps
  5 jellies
  5 hounds
  6 orc priests
  7 orc wizards
  An iron imp (D:8)
  2 iguanas (D:7)
  10 worker ants
  A hound zombie (D:5)
  A hound skeleton (D:11)
  A worker ant zombie (D:7)
  A howler monkey skeleton (D:8)
  8 gnolls
  7 adders
  4 shadow imps
  An ooze (D:1)
  2 adder skeletons (D:4)
  5 worms
  A dart slug (D:4)
  10 leopard geckos
  36 orcs
  5 giant cockroaches
  9 goblins
  3 hobgoblins
  11 jackals
  6 kobolds
  4 quokkas
  A ball python (D:4)
  13 bats
  9 frilled lizards
  A giant cockroach zombie (D:5)
  A jackal skeleton (D:4)
  A leopard gecko skeleton (D:7)
  2 quokka zombies
  12 rats
  A plant (D:11)
282 creatures vanquished.

Vanquished Creatures (collateral kills)
  A centaur zombie (D:7)
  2 wights (D:8)
3 creatures vanquished.

Vanquished Creatures (others)
  A hound skeleton (D:8)
1 creature vanquished.

Grand Total: 286 creatures vanquished

Notes
Turn   | Place    | Note
-------+----------+-------------------------------------------
     0 | D:1      | solopath the Barachi Ice Elementalist began the quest for
                  | the Orb.
     0 | D:1      | Reached XP level 1. HP: 13/13 MP: 3/3
   198 | D:1      | Reached skill level 5 in Ice Magic
   258 | D:1      | Reached XP level 2. HP: 18/19 MP: 3/5
   792 | D:1      | Reached XP level 3. HP: 24/24 MP: 4/6
   860 | D:1      | Learned a level 3 spell: Frozen Ramparts
  1127 | D:2      | Found a shimmering altar of Xom.
  1197 | D:2      | Found a shimmering altar of Xom.
  1291 | D:2      | Found an opulent altar of Gozag.
  1402 | D:2      | Noticed a moth of wrath
  1404 | D:2      | Found a bloodstained altar of Trog.
  1721 | D:2      | Found an ancient bone altar of Kikubaaqudgha.
  1721 | D:2      | Found a burning altar of Makhleb.
  1797 | D:2      | Reached XP level 4. HP: 30/30 MP: 8/8
  2049 | D:3      | Reached skill level 6 in Ice Magic
  2090 | D:3      | Reached skill level 1 in Short Blades
  2100 | D:3      | Reached XP level 5. HP: 24/35 MP: 0/9
  2595 | D:3      | Reached XP level 6. HP: 37/41 MP: 6/10
  2636 | D:3      | Learned a level 4 spell: Hailstorm
  2850 | D:3      | Found a radiant altar of Vehumet.
  3108 | D:4      | Reached skill level 7 in Ice Magic
  3165 | D:4      | Found an iron altar of Okawaru.
  3265 | D:4      | Became a worshipper of Warmaster Okawaru
  3394 | D:4      | Reached XP level 7. HP: 46/46 MP: 12/12
  4176 | D:5      | Entered Level 5 of the Dungeon
  4959 | D:5      | Reached * piety under Okawaru
  4959 | D:5      | Reached skill level 8 in Ice Magic
  4959 | D:5      | Reached XP level 8. HP: 52/52 MP: 11/14
  5051 | D:5      | Reached skill level 5 in Short Blades
  5469 | D:5      | Learned a level 4 spell: Summon Ice Beast
  5484 | D:5      | Gained mutation: Your magical capacity is low. (-10% MP)
                  | [potion of mutation]
  5484 | D:5      | Gained mutation: You expend magic power (3 MP) to
                  | strengthen your wands. [potion of mutation]
  5484 | D:5      | Gained mutation: You are somewhat resistant to further
                  | mutation. [potion of mutation]
  5780 | D:5      | Found a shadowy altar of Dithmenos.
  5783 | D:5      | Reached skill level 1 in Summonings
  6059 | D:6      | Found a staircase to the Ecumenical Temple.
  6554 | D:6      | Found a hazy altar of Hepliaklqana.
  6810 | D:6      | Found a stormy altar of Qazlal.
  6897 | D:6      | Noticed Maggie
  6920 | D:6      | Killed Maggie
  6920 | D:6      | Reached skill level 5 in Spellcasting
  6920 | D:6      | Reached skill level 9 in Ice Magic
  6920 | D:6      | Reached skill level 1 in Invocations
  6920 | D:6      | Reached XP level 9. HP: 11/57 MP: 6/14
  7479 | D:7      | Found a blossoming altar of Fedhas.
  7693 | D:7      | Found a sacrificial altar of Ru.
  7701 | D:7      | Reached skill level 5 in Stealth
  7749 | D:7      | Reached ** piety under Okawaru
  8602 | D:8      | Noticed Maurice
  8636 | D:8      | Reached skill level 10 in Ice Magic
  8770 | D:8      | Noticed a two-headed ogre
  8784 | D:8      | Killed a two-headed ogre
  8784 | D:8      | Reached *** piety under Okawaru
  8784 | D:8      | Reached XP level 10. HP: 26/63 MP: 6/17
  9068 | D:8      | Learned a level 3 spell: Ozocubu's Armour
  9094 | D:8      | Reached **** piety under Okawaru
  9566 | D:8      | Killed Maurice
 10067 | D:8      | Found a snail-covered altar of Cheibriados.
 10452 | D:9      | Reached skill level 11 in Ice Magic
 10711 | D:8      | Reached ***** piety under Okawaru
 11069 | D:9      | Found a hide-covered altar of Uskayaw.
 11082 | D:9      | Found a shimmering blue altar of Sif Muna.
 11147 | D:9      | Identified Sif Muna's Handbook of the Voyage
 11229 | D:9      | Reached skill level 5 in Invocations
 11265 | D:9      | Reached XP level 11. HP: 68/68 MP: 5/19
 11472 | D:9      | Found a white marble altar of Elyvilon.
 11533 | D:9      | You fall into a shaft and drop 3 floors!
 11560 | D:12     | Noticed a cyclops
 11569 | D:12     | Killed a cyclops
 11941 | D:11     | Learned a level 2 spell: Ensorcelled Hibernation
 12086 | D:11     | Reached skill level 1 in Armour
 12153 | D:10     | Entered Level 10 of the Dungeon
 12166 | D:10     | Reached skill level 1 in Fighting
 12712 | D:10     | Found a staircase to the Orcish Mines.
 13102 | D:11     | Noticed a white ugly thing
 13113 | D:11     | Killed a white ugly thing
 13113 | D:11     | Reached skill level 1 in Evocations
 13379 | D:11     | Reached skill level 10 in Stealth
 13745 | D:10     | Found a staircase to the Lair.
 13748 | D:10     | Slain by an orc warrior

Illustrated notes

Levels and vault maps discovered:
D:1:      ncdulo_lavacross, layout_basic, due_unseen_surprise
D:2:      layout_basic, lemuel_crystal_altar, tgw_trog, lemuel_doored_altar,
          chequers_temple_overflow_statue_of_worship, xom_teletrap_fun
D:3:      layout_rooms, lemuel_coloured_pillars_altar
D:4:      minmay_inner_zag, layout_loops_ring, okawaru_gym_becter, first_ration,
          kennysheep_generic_room_4
D:5:      cheibrodos_quashed, layout_loops_corners, grunt_dithmenos_shadows
D:6:      layout_gridville, kennysheep_little_box, overflow_temple_1_default,
          minmay_temple_entry_tees, uniq_maggie
D:7:      layout_loops_corners, old_standard_altar, fedhas_altar_2
D:8:      layout_basic, blue_anna_alchemist [blue_anna_fruit_fields,
          blue_anna_fruit_fields], chei_slow_surprise, uniq_maurice
D:9:      minmay_the_grid_octo_triangle [minmay_the_grid_octo_77,
          minmay_the_grid_octo_prize_square_snowflake,
          minmay_the_grid_octo_teeth], layout_loops_ring, elyvilon_altar_4,
          cheibriados_altar_1, led_sif_book, eat_drink_and_be_merry_uskayaw
D:10:     layout_basic, erik_lair_orcish_takeover, orc_0_dummy,
          chequers_serial_rivers_micro_c, serial_bayou_lake_a
D:11:     layout_basic, minmay_lizard_king
D:12:     layout_cave_pods

Skill      XL: |  1  2  3  4  5  6  7  8  9 10 11 |
---------------+----------------------------------+-----
Ice Magic      | 5 6 7 8 9 10 11 | 11.7
Stealth        | 2 3 4 7 9 10 | 10.0
Short Blades   | 1 2 3 4 5 |  5.6
Spellcasting   | 3 4 5 6 7 8 |  8.1
Summonings     | 2 |  2.8
Invocations    | 1 3 5 |  5.5
Armour         | 2 |  2.1
Fighting       | 1 |  1.9
Evocations     | 1 |  1.5
Dodging        | |  2.1

Action                   |  1- 3 |  4- 6 |  7- 9 | 10-12 || total
-------------------------+-------+-------+-------+-------++-------
Melee: Unarmed           |     2 |       |       |       ||     2
       Club              |    12 |       |       |       ||    12
       Short sword       |    23 |    72 |   265 |   307 ||   667
       Punch             |       |       |       |     4 ||     4
 Cast: Freeze            |    38 |     8 |     8 |    16 ||    70
       Frozen Ramparts   |     2 |    14 |    21 |    29 ||    66
       Summon Ice Beast  |       |       |     2 |     8 ||    10
       Hailstorm         |       |       |     1 |    14 ||    15
       Ozocubu's Armour  |       |       |       |     2 ||     2
Invok: Heroism           |       |       |     2 |     9 ||    11
 Abil: Hop               |       |     2 |     7 |    14 ||    23
Evoke: Wand              |       |       |     6 |     6 ||    12
  Use: Potion            |       |     1 |     7 |       ||     8
       Scroll            |       |       |     2 |     7 ||     9
 Stab: Sleeping          |     6 |     5 |    15 |    11 ||    37
       Paralysed         |       |       |     2 |       ||     2
       Distracted        |       |       |       |     1 ||     1
  Eat: Chunk             |     4 |     7 |    10 |    13 ||    34
       Ration            |       |       |     3 |     2 ||     5
Armor: Robe              |    17 |    11 |    54 |    75 ||   157
       Skin              |       |       |    21 |       ||    21
Dodge: Dodged            |    52 |    56 |   112 |   155 ||   375
